 Dungeon Crawl Stone Soup version 0.25-a0-577-ga4619f409e (webtiles) character file.

Game seed: 18130170774132409754, levelgen mode: deterministic

345 Gargoyl the Skirmisher (level 6, -1/52 HPs)
             Began as a Centaur Abyssal Knight on Mar 2, 2020.
             Was a Believer of Lugonu.
             Slain by an ogre
             ... wielding a +0 giant club
              (20 damage)
             ... on level 4 of the Dungeon.
             The game lasted 00:05:50 (3581 turns).

Gargoyl the Skirmisher (Centaur Abyssal Knight)     Turns: 3581, Time: 00:05:50

Health: -1/52      AC: 10    Str: 15    XL:     6   Next: 32%
Magic:  8/8        EV:  8    Int: 11    God:    Lugonu [**....]
Gold:   167        SH:  0    Dex: 10    Spells: 5/5 levels left

rFire    . . .     SeeInvis .   a - +1 hand axe
rCold    . . .     Gourm    .   (no shield)
rNeg     + . .     Faith    .   b - +0 ring mail {rN+}
rPois    .         Spirit   .   j - +2 helmet
rElec    .         Reflect  .   h - +0 cloak
rCorr    .         Harm     .   (no gloves)
MR       .....                  (no barding)
Stlth    ..........             (no amulet)
HPRegen  0.17/turn              (no ring)
MPRegen  0.11/turn              (no ring)

@: very quick
A: large, hooves 3, deformed body, speed 2, tough skin 3
a: Depart the Abyss, Bend Space, Renounce Religion


You were on level 4 of the Dungeon.
You worshipped Lugonu.
Lugonu was pleased with you.
You were very hungry.

You visited 1 branch of the dungeon, and saw 4 of its levels.
You visited the Abyss 1 time.

You collected 167 gold pieces.

Inventory:

Hand Weapons
 a - a +1 hand axe (weapon)
Armour
 b - a +0 ring mail of positive energy (worn)
 e - a +0 plate armour
 h - a +0 cloak (worn)
 j - a +2 helmet (worn)
Scrolls
 f - 6 scrolls of identify
 g - a scroll of fear {unknown}
 m - 4 scrolls of teleportation
 p - a scroll of noise {unknown}
 r - a scroll of fog {unknown}
Potions
 d - 4 potions of haste
 i - a potion of heal wounds {unknown}
 l - a potion of cancellation {unknown}
 n - 2 potions of degeneration {unknown}
 o - a potion of berserk rage {unknown}
 q - a potion of stabbing
Comestibles
 c - 3 rations


   Skills:
 + Level 4.0 Fighting
 + Level 3.2 Axes
 * Level 3.0 Armour
 * Level 1.6 Dodging
 * Level 3.4 Invocations


You had 5 spell levels left.
You didn't know any spells.
Your spell library was empty.

Dungeon Overview and Level Annotations

Branches:
Dungeon (4/15)
 Temple: D:4-7

Altars:


Innate Abilities, Weirdness & Mutations

You have hooves in place of feet.
Armour fits poorly on your strangely shaped body.
You cover ground very quickly.
You have extremely tough skin. (AC +3)


Message History

The ogre is lightly wounded.
The ogre hits you with a +0 giant club!
You hit the ogre.
The ogre is moderately wounded.
The ogre barely misses you.
You hit the ogre. Your kick misses the ogre.
The ogre is moderately wounded.
You hit the ogre. You kick the ogre, but do no damage.
The ogre is heavily wounded.
The ogre barely misses you.
You hit the ogre.
The ogre is severely wounded.
The ogre hits you with a +0 giant club.
You barely miss the ogre.
The ogre is severely wounded.
The ogre hits you with a +0 giant club!
You hit the ogre.
The ogre is severely wounded.
The ogre hits you with a +0 giant club!!
You die...

## ># .# # ##.## #.#
.... .. #..# # #.##O.#
#. #...@.# .###.##=.#
#... #..#
#...###..#####
#..#.........##.#
###...###..........
####..........########
.........######
.###.###<# ######


You could see an ogre.

Vanquished Creatures
  2 scorpions (D:4)
  Crazy Yiuf (D:2)
  Terence (D:2)
  Jessica (D:2)
  Robin (D:3)
  A howler monkey skeleton (D:4)
  6 adders
  2 oozes
  2 worms (D:3)
  2 dart slugs
  A leopard gecko (D:1)
  2 orcs (D:3)
  2 ball pythons
  A giant cockroach (D:1)
  19 goblins
  4 hobgoblins
  4 bats
  3 frilled lizards
  7 kobolds
  10 rats
72 creatures vanquished.

Notes
Turn   | Place    | Note
-------+----------+-------------------------------------------
     0 | Abyss:1  | Gargoyl the Centaur Abyssal Knight began the quest for the
                  | Orb.
     0 | Abyss:1  | Reached XP level 1. HP: 19/19 MP: 2/2
    42 | Abyss:1  | Noticed a worldbinder
    43 | Abyss:1  | Noticed an orc priest
    44 | Abyss:1  | Noticed a troll
    45 | Abyss:1  | Noticed a troll
    45 | Abyss:1  | Noticed a warg
    51 | Abyss:1  | Noticed a thrashing horror
    76 | Abyss:1  | Noticed an orc priest
    85 | Abyss:1  | Noticed a large abomination
    85 | Abyss:1  | Noticed a quasit
   121 | Abyss:1  | Found a corrupted altar of Lugonu.
   123 | Abyss:1  | Noticed an orc priest
   123 | Abyss:1  | Noticed a troll
   127 | Abyss:1  | Noticed an orc priest
   145 | Abyss:1  | Noticed a smoke demon
   146 | Abyss:1  | Noticed a bone dragon
   156 | Abyss:2  | Noticed a small abomination
   213 | Abyss:3  | Noticed a tentacled starspawn
   242 | Abyss:3  | Noticed a raiju
   244 | D:1      | Escaped the Abyss
   425 | D:1      | Reached XP level 2. HP: 25/26 MP: 3/3
   510 | D:1      | Reached * piety under Lugonu
   938 | D:2      | Reached skill level 1 in Dodging
   938 | D:2      | Reached XP level 3. HP: 31/31 MP: 4/4
   944 | D:2      | Noticed Terence
   945 | D:2      | Noticed Jessica
   984 | D:2      | Killed Jessica
   984 | D:2      | Reached XP level 4. HP: 16/39 MP: 5/5
  1281 | D:2      | Killed Terence
  1315 | D:2      | Found a runed translucent door.
  1316 | D:2      | Noticed Crazy Yiuf
  1717 | D:2      | Killed Crazy Yiuf
  1717 | D:2      | Reached XP level 5. HP: 21/46 MP: 4/7
  2071 | D:3      | Reached ** piety under Lugonu
  2427 | D:3      | Noticed Robin
  2461 | D:3      | Killed Robin
  3270 | D:4      | Reached skill level 4 in Fighting
  3273 | D:4      | Reached XP level 6. HP: 30/52 MP: 8/8
  3581 | D:4      | Slain by an ogre

Levels and vault maps discovered:
D:1:      saegor_arrival_simple_d, layout_basic, st_stairs_4
D:2:      layout_rooms, uniq_terence, uniq_crazy_yiuf_cottage, uniq_jessica
D:3:      layout_basic, uniq_robin
D:4:      minmay_opposing_rooms, layout_loops_ring

Skill      XL: |  1  2  3  4  5  6 |
---------------+-------------------+-----
Axes           | 2 3 |  3.2
Dodging        | 1 |  1.6
Armour         | 2 3 |  3.0
Invocations    | 3 |  3.4
Fighting       | 4 |  4.0

Action                   |  1- 3 |  4- 6 || total
-------------------------+-------+-------++-------
Melee: Hand axe          |    62 |   171 ||   233
       Kick              |    13 |    30 ||    43
Invok: Depart the Abyss  |     1 |       ||     1
  Use: Potion            |     3 |     2 ||     5
       Scroll            |     3 |       ||     3
  Eat: Chunk             |       |     5 ||     5
Armor: Plate armour      |    57 |    59 ||   116
       Leather armour    |     4 |       ||     4
       Ring mail         |       |    45 ||    45
Dodge: Dodged            |     6 |    54 ||    60

Table legend:
 A = Non-vault XP
 B = Vault XP
 C = Vault XP percentage of total XP
 D = Non-vault monster count
 E = Vault monster count
 F = Vault count percentage of total count
                 A         B        C        D         E       F
            +---------+---------+-------+---------+---------+-------
      Total |     340 |     154 |  31.2 |      56 |      16 |  22.2
            +---------+---------+-------+---------+---------+-------
        D:1 |      33 |       2 |   5.7 |      18 |       2 |  10.0
        D:2 |      83 |     117 |  58.5 |      17 |       3 |  15.0
        D:3 |      63 |      35 |  35.7 |      18 |      11 |  37.9
        D:4 |     161 |       0 |   0.0 |       3 |       0 |   0.0
            +---------+---------+-------+---------+---------+-------
